 Dungeon Crawl Stone Soup version 0.20-a0-957-g47ad1fd (webtiles) character file.

99 Beard the Gusty (level 4, 0/33 HPs)
             Began as a Draconian Air Elementalist on Apr 4, 2017.
             Slain by an orc
             ... wielding a +0 war axe
              (6 damage)
             ... on level 3 of the Dungeon on Apr 5, 2017.
             The game lasted 00:13:12 (1962 turns).

Beard the Gusty (Draconian Air Elementalist)        Turns: 1962, Time: 00:13:13

Health: 0/33       AC:  5    Str: 11    XL:     4   Next: 45%
Magic:  1/8        EV: 12    Int: 16    God:
Gold:   95         SH:  0    Dex: 11    Spells: 8/9 levels left

rFire    + . .     SeeInvis .   c - +1 club
rCold    . . .     Gourm    .   (no shield)
rNeg     . . .     Faith    .   (armour unavailable)
rPois    .         Spirit   .   (helmet restricted)
rElec    .         Reflect  .   (no cloak)
rCorr    .         Harm     .   (no gloves)
MR       .....     Clarity  +   (no boots)
Stlth    +++.......             (no amulet)
Regen    0.2/turn               o - ring of stealth
MPRegen  0.2/turn               (no ring)

@: no status effects
A: unfitting armour, clarity, fire resistance 1, cold-blooded, AC +5
a: no special abilities


You were on level 3 of the Dungeon.
You were hungry.

You visited 1 branch of the dungeon, and saw 3 of its levels.

You collected 95 gold pieces.

Inventory:

Hand Weapons
 c - a +1 club (weapon)
 m - a +0 fustibalus
Magical Staves
 l - an uncursed staff of cold
Jewellery
 o - a ring of stealth (left hand)
Scrolls
 d - 2 scrolls of enchant weapon
 e - 2 scrolls of enchant armour
 f - 3 scrolls of teleportation
Books
 a - a book of Air

   Spells                             Type                      Level
   a - Shock                          Conjuration/Air              1
   b - Swiftness                      Charms/Air                   2
   c - Static Discharge               Conjuration/Air              3
   d - Airstrike                      Air                          4
   e - Lightning Bolt                 Conjuration/Air              5
Comestibles
 b - 3 bread rations
 g - a fruit
 h - a royal jelly


   Skills:
 + Level 0.8 Maces & Flails
 + Level 2.2 Dodging
 + Level 1.8 Stealth
 + Level 3.0 Spellcasting
 + Level 1.6 Conjurations
 + Level 3.8 Air Magic


You had 8 spell levels left.
You knew the following spells:

 Your Spells              Type           Power        Failure   Level  Hunger
a - Shock                 Conj/Air       ##..         10%         1    #......


Dungeon Overview and Level Annotations

Branches:
Dungeon (3/15)

Altars:
Vehumet


Innate Abilities, Weirdness & Mutations

Your plain brown scales are hard. (AC +5)
You cannot fit into any form of body armour.
You are cold-blooded and may be slowed by cold attacks.
You possess an exceptional clarity of mind.
Your flesh is heat resistant. (rF+)


Message History

You hear some strange, mumbled words.
Something tries to affect you, but you resist.
The orc closely misses you.
You hit the orc but do no damage. Something hits you but does no damage.
The orc hits you with a war axe.
Your magical contamination has completely faded away.
You hit the orc.
The orc is lightly wounded.
Something hits you but does no damage. The orc barely misses you.
You barely miss the orc.
The orc is lightly wounded.
You hear some strange, mumbled words.
A magic dart appears from out of thin air!
The magic dart hits you!
* * * LOW HITPOINT WARNING * * *
The orc barely misses you. Something hits you but does no damage.
You closely miss the orc.
Your tail-slap misses the orc.
The orc is lightly wounded.
Something hits you but does no damage. The orc hits you with a war axe.
You die...

[..# ##............##..
####.....).......
###..####....#..
.##########.....#
..#..##.
............###.#...#...#
##.......#####.........##
.......†.###.........#.#
.###......(....##....
........o@##### ....
#########{# .### #.)#
..... .....### ###..# ...
.... .....


You could see an orc.

Vanquished Creatures
  A scorpion (D:3)
  A dart slug (D:2)
  4 leopard geckos
  3 orcs (D:3)
  2 ball pythons
  5 bats
  5 goblins
  4 hobgoblins
  2 quokkas
  2 frilled lizards (D:1)
  7 kobolds
  4 rats
40 creatures vanquished.

Notes
Turn   | Place    | Note
-------+----------+-------------------------------------------
     0 | D:1      | Beard the Draconian Air Elementalist began the quest for the Orb.
     0 | D:1      | Reached XP level 1. HP: 14/14 MP: 3/3
   198 | D:1      | Upgraded the game from 0.20-a0-950-g92a50c4 to 0.20-a0-957-g47ad1fd
   204 | D:1      | Reached XP level 2. HP: 20/20 MP: 3/5
  1022 | D:2      | Found a radiant altar of Vehumet.
  1192 | D:2      | Gained mutation: You possess an exceptional clarity of mind. [potion of mutation]
  1192 | D:2      | Gained mutation: Your flesh is heat resistant. (rF+) [potion of mutation]
  1193 | D:2      | Reached XP level 3. HP: 13/26 MP: 4/6
  1726 | D:3      | Noticed a scorpion
  1767 | D:3      | Killed a scorpion
  1767 | D:3      | Reached XP level 4. HP: 4/33 MP: 0/8
  1770 | D:3      | HP: 2/49 [poisoned by a scorpion]
  1962 | D:3      | Slain by an orc

Vault maps used:
D:1:      lightli_arrival_maybe_door_vault
D:2:      lemuel_round_altar, interstate_on_off
D:3:      first_bread, minivault_14, glass_columns_a

Skill      XL: |  1  2  3 |
---------------+----------+-----
Dodging        | 2 |  2.2
Spellcasting   | 3 |  3.0
Maces & Flails | |  0.8
Stealth        | |  1.8
Conjurations   | |  1.6
Air Magic      | |  3.8

Action                   |  1- 3 |  4- 6 || total
-------------------------+-------+-------++-------
Melee: Club              |    52 |    17 ||    69
       Unarmed           |     9 |       ||     9
       Tailslap          |     8 |       ||     8
 Cast: Shock             |    41 |    10 ||    51
  Use: Scroll            |     4 |       ||     4
       Potion            |     5 |     1 ||     6
  Eat: Chunk             |     3 |       ||     3
Armor: Skin              |    36 |    11 ||    47
Dodge: Dodged            |    75 |    16 ||    91
